Map: Dusk Towers

Players

Dayshi - Winner!

  • Race: Terran Terran
  • League: Grandmaster

Elazer

  • Race: Zerg Zerg
  • League: Grandmaster

Event: 2016 WCS Winter Challenger Europe

VOD

Have the link to the VOD?

Description

Time

  • Played on: Feb. 13, 2016, 11:12 a.m.
  • Length: 23:49

All games in this series

Show
View Real Time Build Order
Export as new Build Order

Dayshi Terran - Winner!

Build Orders: Liberator Opening, MMM Bio 

Get SALT Encoding   

  12  0:00  SCV  
  13  0:13  SCV  
  14  0:17  Supply Depot  
  14  0:25  SCV  
  15  0:38  SCV  
  15  0:40  Barracks  
  16  0:43  Refinery  
  16  0:50  SCV  
  17  1:00  Barracks  
  17  1:03  SCV  
  18  1:15  SCV  
  19  1:27  Orbital Command  
  19  1:28  Reaper  
  19  1:31  Supply Depot  
  20  1:39  Refinery  
  21  1:47  Reaper  
  21  1:52  SCV  
  22  2:03  Reaper  
  22  2:05  SCV  
  24  2:17  Command Center  
  24  2:21  Reaper  
  26  2:22  SCV  
  26  2:39  SCV  
  27  2:47  Factory  
  27  2:51  Barracks Reactor, SCV  
  28  3:03  SCV  
  29  3:07  Reaper  
  30  3:14  Command Center  
  30  3:16  SCV  
  30  3:28  SCV  
  30  3:32  Factory Tech Lab  
  30  3:33  Starport  
  30  3:40  SCV  
  29  3:43  Orbital Command  
  29  3:46  Barracks Tech Lab  
  29  3:51  Hellion x2  
  29  3:53  SCV  
  29  3:55  Liberator  
  34  4:04  Marine  
  34  4:05  SCV  
  34  4:06  Stimpack  
  34  4:08  SCV  
  40  4:18  Hellion x2  
  40  4:20  SCV x2  
  46  4:25  Marine  
  46  4:29  Orbital Command  
  47  4:32  SCV  
  47  4:33  SCV  
  49  4:39  Hellion, Barracks Tech Lab  
  49  4:40  Hellion  
  49  4:43  Liberator  
  49  4:44  SCV  
  49  4:45  SCV  
  55  4:50  Marine  
  56  4:54  Refinery, Engineering Bay x2  
  56  4:56  Orbital Command  
  56  4:59  Supply Depot  
  56  5:06  SCV x2  
  61  5:15  Barracks  
  61  5:16  Refinery, Factory Reactor  
  61  5:21  SCV x2  
  64  5:23  Supply Depot  
  64  5:25  Terran Infantry Weapons Level 1, SCV, Terran Infantry Armor Level 1  
  64  5:30  Marine x3  
  64  5:33  SCV  
  64  5:34  SCV  
  69  5:44  SCV  
  69  5:45  SCV  
  69  5:48  Supply Depot  
  69  5:49  Barracks  
  68  5:50  SCV  
  68  5:51  Barracks, Starport Reactor  
  68  5:54  Marine x3  
  68  5:56  SCV  
  73  5:59  SCV  
  73  6:02  Factory Reactor  
  73  6:03  Barracks Reactor  
  74  6:04  SCV  
  74  6:05  Supply Depot  
  74  6:10  SCV  
  74  6:11  SCV  
  77  6:12  Marine x2  
  78  6:18  SCV  
  78  6:22  SCV  
  78  6:25  Marauder, SCV  
  82  6:30  SCV  
  80  6:34  SCV  
  80  6:35  Medivac x2  
  80  6:37  SCV  
  80  6:38  Barracks Tech Lab, Marine  
  80  6:39  Marine  
  83  6:42  SCV  
  83  6:43  Barracks  
  83  6:44  Barracks  
  83  6:46  Armory, SCV  
  85  6:49  SCV  
  85  6:51  Marauder, Marine x2  
  85  6:52  Marine  
  91  6:54  Supply Depot, SCV  
  91  6:55  Combat Shields  
  91  6:58  SCV  
  93  7:02  Supply Depot  
  93  7:03  Marauder  
  93  7:12  Medivac x2, Marine x2  
  93  7:13  SCV x2  
  101  7:15  Marine x3  
  101  7:16  Marauder  
  101  7:19  Supply Depot  
  101  7:21  Supply Depot  
  106  7:23  SCV  
  106  7:25  Liberator x2, Concussive Shells, SCV  
  108  7:38  Widow Mine x2  
  108  7:40  Barracks Reactor, Marauder x2, Barracks Tech Lab  
  108  7:41  Missile Turret, Marine x2  
  123  7:50  Marine x4  
  116  7:59  Marine  
  116  8:01  Marauder x2, Marine x2  
  116  8:06  Refinery x2, Widow Mine x2  
  116  8:07  Marine  
  116  8:08  Marine  
  116  8:12  Marine x2  
  124  8:16  Marine x2  
  124  8:17  Marine  
  124  8:19  Marauder, Marine  
  129  8:22  Marauder x2  
  129  8:23  Refinery  
  129  8:25  SCV  
  133  8:30  Terran Infantry Weapons Level 2  
  133  8:31  SCV  
  133  8:32  Supply Depot, Marine x3  
  133  8:33  Terran Infantry Armor Level 2  
  137  8:34  Marine  
  137  8:35  Marine x2  
  137  8:40  Marine  
  141  8:45  Supply Depot  
  141  8:48  Marauder x3, Marine  
  148  8:49  Marine  
  148  8:52  Supply Depot, Liberator  
  148  8:53  Supply Depot  
  148  8:54  Marine x2  
  151  8:59  Marine x2  
  151  9:04  Marine x2  
  151  9:06  Marine  
  156  9:10  Marauder x3  
  156  9:13  Marine  
  140  9:20  Marine x2  
  140  9:26  Marine  
  140  9:27  Widow Mine x2, Marine x4  
  140  9:31  Marauder x3, Marine  
  133  9:38  Marine x2  
  128  9:41  Medivac  
  128  9:44  Marine x3  
  128  9:45  Marine  
  132  9:48  Marine  
  132  9:49  Marine  
  132  9:52  Medivac  
  140  9:53  Marauder x3  
  140  9:56  Marine x2  
  142  10:02  Marine x3  
  145  10:07  Command Center  
  145  10:09  Widow Mine x2  
  145  10:10  Marine  
  145  10:11  Marine  
  155  10:14  Marauder x2  
  155  10:18  Marauder, Marine x3  
  155  10:20  Marine  
  161  10:23  Liberator  
  161  10:25  Liberator  
  154  10:33  Marine x3  
  154  10:35  Marauder, Marine  
  138  10:38  Marine x3  
  138  10:39  Marauder, Widow Mine x2, Marine  
  130  10:48  Starport  
  130  10:56  Terran Infantry Weapons Level 3  
  130  10:58  Terran Infantry Armor Level 3  
  130  10:59  Marine  
  130  11:03  Marauder, Marine  
  134  11:04  Marine  
  134  11:06  Liberator  
  134  11:08  Liberator  
  126  11:11  Marine  
  126  11:14  Marine  
  126  11:15  Marine x3  
  113  11:21  Marauder, Marine  
  114  11:27  Marauder x2  
  114  11:32  Marine x2  
  118  11:33  Marine x3  
  118  11:38  Starport Reactor  
  123  11:40  Ghost Academy  
  123  11:42  Marauder  
  125  11:47  Widow Mine x2  
  125  11:51  Liberator  
  125  11:52  Liberator  
  125  11:53  Orbital Command  
  129  11:56  Marine  
  129  11:57  Marauder x2, Marine x6  
  129  11:58  Marine  
  129  11:59  Liberator x2  
  143  12:25  Refinery x2  
  143  12:26  Missile Turret  
  143  12:29  Ghost, Command Center  
  145  12:33  Ghost  
  145  12:34  Liberator  
  145  12:36  Ghost  
  149  12:38  Marine x3  
  152  12:45  Liberator  
  152  12:46  Marine  
  152  12:47  Marine  
  153  12:51  Marine  
  153  12:52  Widow Mine x2, Marine  
  153  12:57  Ghost  
  163  13:02  Ghost  
  170  13:06  Marauder  
  170  13:08  Marine x2  
  170  13:09  Marine  
  173  13:13  Command Center, Barracks Tech Lab  
  171  13:26  Ghost, Marauder  
  171  13:30  Ghost  
  171  13:32  Marauder, Marine  
  176  13:38  Marine x2  
  173  13:47  Ghost, Marine  
  174  13:53  Ghost  
  166  13:55  Marauder  
  166  13:56  Marine  
  166  13:59  Marine  
  166  14:00  Marauder  
  150  14:14  Marine x2  
  150  14:16  Marauder, Marine  
  157  14:17  Marauder  
  157  14:18  Marine x2  
  157  14:19  Marine  
  157  14:21  Marauder  
  157  14:22  Marauder  
  164  14:38  Marauder  
  148  14:46  Ghost x2, Marine  
  148  14:47  Marauder, Marine  
  154  14:55  Liberator  
  154  14:57  Marine x2  
  154  14:59  Marauder  
  155  15:01  Planetary Fortress, Orbital Command  
  155  15:04  Marine x2  
  141  15:07  Ghost  
  137  15:15  Marauder  
  137  15:19  Marine x5  
  137  15:20  Marine  
  145  15:24  Marine  
  146  15:31  Liberator x2, Marine  
  146  15:35  Refinery  
  142  15:36  Marauder  
  142  15:37  Marauder  
  142  15:38  Marauder  
  128  15:43  Marauder, Marine x4  
  128  15:44  Marine  
  128  15:49  Marine  
  138  15:52  Liberator  
  136  15:58  Marauder, Marine  
  136  15:59  Marine  
  136  16:01  Marine x2  
  136  16:04  Marine  
  143  16:07  Sensor Tower  
  143  16:10  SCV x4  
  147  16:12  SCV x2  
  146  16:22  Liberator x2  
  146  16:24  Reaper  
  146  16:27  Missile Turret, SCV x4  
  146  16:28  SCV  
  146  16:30  Missile Turret  
  154  16:44  Marauder x2, Marine  
  154  16:46  Marauder  
  164  16:49  Marauder, Marine  
  166  16:57  Marine  
  165  17:03  Marine  
  165  17:05  Ghost  
  165  17:06  Marauder  
  165  17:07  Marauder  
  172  17:09  Liberator x2  
  155  17:21  Marine x3  
  155  17:22  Marine x3  
  144  17:23  Marauder  
  144  17:27  Marine  
  144  17:28  Marine  
  147  17:33  Ghost  
  147  17:39  Marine x2  
  147  17:40  Marine x2  
  147  17:41  Marine  
  137  17:59  Liberator  
  137  18:04  Medivac x2  
  141  18:10  Medivac  
  141  18:12  Marauder, Marine x2  
  147  18:15  Missile Turret  
  147  18:16  Liberator  
  147  18:17  Liberator  
  138  18:34  Marine x3  
  138  18:35  Marauder  
  138  18:36  Marine  
  144  18:47  Liberator x2  
  144  18:53  Command Center  
  144  18:56  Marine  
  144  18:57  Marine x2  
  153  19:14  Ghost x3  
  159  19:26  Marauder, Marine x2  
  158  19:37  Marine  
  158  19:38  Liberator  
  148  19:43  Marauder x2  
  125  19:48  Ghost x2, Marine  
  125  19:49  Marine x2  
  117  19:54  Marine x2  
  117  19:55  Marine  
  117  19:58  Refinery  
  117  20:04  Marauder  
  117  20:05  Marauder  
  117  20:06  Marine x3  
  109  20:16  Ghost  
  110  20:22  Orbital Command  
  104  20:36  Planetary Fortress  
  104  20:42  Ghost x2  
  108  20:43  Marine x2  
  108  20:46  Marine  
  108  20:47  Marine  
  112  20:54  SCV  
  112  20:55  SCV x4  
  112  20:56  SCV, Marine  
  112  20:57  Marine  
  120  21:05  Marine x2  
  120  21:06  Marauder x2  
  116  21:28  Ghost  
  115  21:35  Ghost x2  
  112  22:05  Ghost x2  
  89  22:23  Ghost x2  
  89  22:27  Marine x3  
  82  22:33  Ghost x2  
  82  22:47  Marine x2  
  84  22:51  Refinery, Marine x2  
  84  22:52  Refinery, Ghost x2  
  84  22:56  Marine x2  
  84  22:59  Widow Mine  
  84  23:01  Widow Mine  
  84  23:02  Marauder  
  84  23:03  Marauder  
  84  23:05  Marine  
  95  23:21  Marauder, Marine x5  
Show
View Real Time Build Order
Export as new Build Order

Elazer Zerg 

Build Orders: Hatch First, Muta Ling Bane 

Get SALT Encoding   

  12  0:00  Drone  
  13  0:12  Overlord  
  13  0:17  Drone  
  14  0:30  Drone x2  
  14  0:35  Drone  
  17  0:53  Hatchery  
  17  0:54  Drone  
  17  0:57  Drone  
  18  1:08  Extractor  
  17  1:11  Spawning Pool  
  17  1:14  Drone  
  17  1:18  Drone  
  18  1:28  Drone  
  19  1:38  Overlord  
  19  1:58  Queen  
  19  1:59  Zergling x2  
  22  2:01  Zergling x2  
  22  2:04  Queen  
  22  2:08  Metabolic Boost  
  25  2:14  Overlord, Zergling x2  
  27  2:22  Drone  
  27  2:23  Drone  
  27  2:28  Drone  
  28  2:39  Zergling x2  
  28  2:41  Extractor  
  28  2:43  Queen  
  30  2:55  Zergling x2  
  30  2:56  Drone x2  
  33  2:58  Overlord  
  33  2:59  Drone  
  33  3:07  Drone  
  33  3:12  Queen  
  36  3:13  Zergling x2  
  36  3:16  Drone  
  36  3:17  Drone x2  
  39  3:30  Overlord  
  39  3:31  Drone x2  
  39  3:32  Drone x2  
  43  3:36  Drone  
  43  3:44  Drone  
  43  3:45  Drone  
  45  3:50  Hatchery  
  45  3:53  Drone  
  45  3:54  Drone x2  
  47  3:57  Drone  
  47  4:02  Roach Warren  
  47  4:03  Extractor  
  46  4:12  Overlord, Drone  
  47  4:21  Drone x2  
  49  4:24  Lair, Extractor  
  49  4:25  Drone x2  
  49  4:28  Queen  
  52  4:35  Overlord  
  52  4:37  Drone x4  
  56  4:42  Drone  
  56  4:45  Drone  
  58  4:52  Overlord  
  58  4:56  Spore Crawler  
  58  4:57  Roach x3  
  58  4:58  Spore Crawler  
  62  5:00  Overlord  
  62  5:10  Drone x2  
  62  5:13  Drone x2  
  66  5:15  Drone  
  66  5:16  Extractor  
  66  5:18  Drone x3  
  69  5:24  Ravager x2  
  69  5:25  Spire  
  69  5:26  Overlord  
  70  5:31  Drone x5  
  70  5:35  Ravager  
  76  5:36  Drone x3  
  79  5:46  Queen  
  79  5:48  Drone x4  
  83  5:52  Extractor  
  83  5:54  Extractor  
  83  5:55  Drone x4  
  85  6:01  Drone, Evolution Chamber x2  
  84  6:13  Overlord  
  81  6:21  Drone x2  
  81  6:22  Drone x3  
  81  6:23  Drone  
  87  6:26  Overlord  
  87  6:28  Zerg Ground Armor Level 1, Zerg Melee Weapons Level 1  
  87  6:35  Drone  
  87  6:36  Mutalisk  
  87  6:37  Mutalisk x4  
  94  6:43  Overlord  
  94  6:46  Zerg Flyer Weapons Level 1  
  94  6:48  Zergling x2  
  94  6:49  Zergling x2  
  94  6:52  Baneling Nest  
  95  6:54  Hatchery  
  95  6:56  Zergling x2  
  95  6:57  Zergling x10  
  100  7:06  Overlord  
  100  7:10  Mutalisk x3  
  100  7:12  Mutalisk  
  100  7:13  Overlord  
  100  7:15  Zergling x8  
  109  7:16  Zergling x2  
  109  7:20  Queen  
  115  7:23  Zergling x8  
  115  7:25  Zergling x2  
  120  7:37  Overlord  
  120  7:38  Centrifical Hooks  
  118  7:47  Mutalisk x3  
  118  7:48  Mutalisk  
  118  7:51  Zergling x10  
  128  7:52  Mutalisk  
  130  8:01  Overlord x2  
  128  8:08  Infestation Pit  
  128  8:09  Drone x10, Spore Crawler  
  136  8:15  Baneling x3  
  136  8:23  Mutalisk x3  
  136  8:25  Overlord  
  142  8:28  Extractor  
  142  8:30  Drone x6  
  142  8:32  Extractor  
  146  8:44  Zerg Melee Weapons Level 2, Zerg Ground Armor Level 2  
  146  8:46  Zergling x16  
  146  8:47  Zergling x2  
  155  8:53  Baneling x5  
  155  9:01  Zergling x18  
  161  9:08  Baneling x3  
  135  9:17  Zergling x2  
  135  9:18  Zergling x26  
  140  9:26  Hive  
  116  9:32  Drone x8  
  124  9:40  Overseer  
  124  9:42  Pneumatized Carapace  
  124  9:44  Drone x5, Infestor  
  131  9:46  Baneling  
  131  9:47  Baneling x9  
  132  9:52  Drone  
  132  9:53  Drone x3  
  132  9:56  Drone  
  137  10:07  Zergling x20  
  137  10:08  Mutalisk  
  137  10:10  Baneling x3  
  137  10:11  Baneling x2  
  137  10:12  Mutalisk  
  150  10:16  Baneling x4  
  150  10:19  Mutalisk x2  
  150  10:21  Baneling x5  
  154  10:23  Zergling x4  
  132  10:39  Zergling x24  
  132  10:41  Ultralisk Cavern  
  135  10:46  Drone  
  136  10:53  Zergling x2  
  136  10:54  Zergling x14  
  135  10:59  Baneling x4  
  135  11:03  Zergling x12  
  139  11:05  Baneling x2  
  139  11:10  Hatchery  
  118  11:19  Mutalisk  
  118  11:20  Mutalisk x4  
  128  11:29  Chitinous Plating  
  128  11:30  Ultralisk x2  
  140  11:35  Ultralisk  
  140  11:38  Zergling x2  
  140  11:39  Zergling x6  
  150  11:40  Baneling x4  
  150  11:44  Baneling x4  
  150  11:48  Zergling x10  
  155  11:56  Ultralisk  
  155  11:59  Drone x2  
  152  12:17  Ultralisk x2  
  152  12:18  Drone  
  152  12:19  Drone x2  
  152  12:21  Spore Crawler  
  166  12:23  Spine Crawler  
  166  12:27  Nydus Network  
  166  12:29  Overlord x3  
  164  12:37  Overseer  
  164  12:40  Spore Crawler  
  164  12:41  Zergling x10  
  164  12:42  Zergling x2  
  169  12:46  Spore Crawler  
  168  12:54  Zergling x2  
  168  12:55  Zergling x10  
  172  13:00  Zerg Ground Armor Level 3, Zerg Melee Weapons Level 3  
  172  13:05  Zergling x16  
  177  13:13  Overlord  
  177  13:16  Nydus Canal  
  176  13:20  Extractor x2, Spore Crawler  
  176  13:26  Ultralisk  
  176  13:27  Ultralisk, Overlord  
  176  13:40  Zergling x12  
  180  13:43  Drone x6  
  147  14:09  Ultralisk x2  
  157  14:14  Mutalisk x9  
  157  14:16  Mutalisk  
  177  14:21  Zergling x2  
  177  14:22  Zergling x8  
  182  14:25  Baneling x6  
  182  14:31  Nydus Canal  
  182  14:38  Zergling x2  
  182  14:39  Zergling x14  
  156  14:50  Ultralisk x2  
  155  15:00  Zergling x12  
  141  15:11  Ultralisk x2  
  131  15:16  Ultralisk  
  131  15:19  Zergling x4  
  134  15:41  Hatchery  
  118  15:47  Mutalisk x3  
  124  15:51  Hatchery  
  123  15:57  Ultralisk  
  122  16:26  Nydus Canal  
  122  16:29  Zergling x2  
  122  16:30  Zergling x10  
  128  16:33  Zerg Flyer Weapons Level 2  
  128  16:37  Ultralisk x2  
  140  16:51  Ultralisk  
  146  16:54  Overseer  
  146  16:56  Overlord  
  144  17:11  Ultralisk  
  125  17:29  Zergling x12  
  129  17:30  Zergling x8  
  129  17:36  Drone x5  
  128  17:50  Mutalisk  
  128  17:51  Mutalisk x5  
  124  17:58  Ultralisk  
  140  18:10  Hatchery  
  135  18:13  Ultralisk x2  
  133  18:35  Extractor  
  133  18:36  Extractor  
  133  18:40  Spore Crawler  
  130  18:42  Ultralisk  
  136  18:51  Ultralisk  
  136  18:52  Zergling x4  
  136  18:53  Zergling x14, Extractor  
  150  18:57  Extractor  
  150  19:01  Spore Crawler  
  148  19:07  Overseer  
  148  19:14  Zergling x8  
  151  19:27  Nydus Canal  
  150  19:32  Extractor  
  134  19:40  Zergling x10  
  133  19:52  Mutalisk  
  123  19:55  Drone x3  
  123  19:56  Drone x3  
  131  20:06  Drone x4  
  132  20:17  Hatchery  
  131  20:24  Hatchery  
  120  20:44  Ultralisk  
  120  20:45  Zergling x10  
  131  20:53  Mutalisk  
  133  21:13  Zergling x12  
  116  21:26  Zergling x8  
  89  21:44  Ultralisk  
  95  21:52  Zergling x2  
  95  21:53  Zergling x6  
  86  22:17  Ultralisk x2  
  88  22:29  Ultralisk  
  84  22:33  Drone x2  
  80  23:14  Zergling x12  
  80  23:19  Zergling x6  
Tags
 
Add a new tag
Caveats
  • Supply blocks, unpowered buildings, or Contaminate may cause inaccurate times.
  • Supply counts are checked every 10 seconds.